Unix NetHack Version 3.7.0-101 Work-in-progress - last build Mar 4 2024 02:26:32 (3c4ac04b664b9ee0831c739617f054b5b60dbfd1,branch:master). Game began 2024-03-11 09:36:15, ended 2024-03-11 10:07:42. elenmirie, neutral female gnomish Archeologist ... ..... ....... -......- o . ----[...-- -.[@.ooo...| --------..-- |/.| ---- Elenmirie the Investigator St:16 Dx:7 Co:15 In:14 Wi:17 Ch:11 Neutral Dlvl:6 $:166 HP:0(48) Pw:37(37) AC:8 Xp:6/515 T:6397 Burdened Latest messages: You wipe out the message that was written in the dust here. You write in the dust with a balsa wand. What do you want to write in the dust here? x What do you want to zap? [fEFMZ or ?*] ? In what direction? . What do you want to call? [fhnEFILMZ or ?*] f Call a balsa wand: dir bal What do you want to drop? [$a-ik-oqtwxEFHILMXZ or ?*] f You drop a wand called dir bal. You swap places with the peaceful gnome lord. The Uruk-hai wields a crude bow! The Uruk-hai wields a crude bow! The Uruk-hai wields a crude bow! You hear a G sharp squeak in the distance. The Uruk-hai wields a crude bow! The Uruk-hai shoots 2 poisoned crude arrows! The 1st poisoned crude arrow hits the Uruk-hai. The poison doesn't seem to affect the Uruk-hai. The 2nd poisoned crude arrow hits the Uruk-hai. The poison doesn't seem to affect the Uruk-hai. The Uruk-hai wields a crude short sword! You hear a chugging sound. The Uruk-hai thrusts his crude short sword. The Uruk-hai hits! The Uruk-hai shoots 2 poisoned crude arrows! The 1st poisoned crude arrow hits the Uruk-hai. The poison doesn't seem to affect the Uruk-hai. The 2nd poisoned crude arrow hits the Uruk-hai. The poison doesn't seem to affect the Uruk-hai. The Uruk-hai is killed! You hear some noises in the distance. The Uruk-hai picks up 2 poisoned crude arrows. The Uruk-hai shoots 2 poisoned crude arrows! You are hit by the 1st poisoned crude arrow! You are hit by the 2nd poisoned crude arrow. The Uruk-hai shoots 2 poisoned crude arrows! You are almost hit by the 1st poisoned crude arrow. You are hit by the 2nd poisoned crude arrow. You kill the Uruk-hai! The Uruk-hai shoots 2 poisoned crude arrows! You are hit by the 1st poisoned crude arrow. You are hit by the 2nd poisoned crude arrow. The Uruk-hai shoots 2 poisoned crude arrows! You are hit by the 1st poisoned crude arrow. The poison was deadly... Do you want your possessions identified? [ynq] (y) y Do you want to see your attributes? [ynq] (y) y Do you want an account of creatures vanquished? [ynaq] (y) y Do you want to see your conduct and achievements? [ynq] (y) y Do you want to see the dungeon overview? [ynq] (y) y Inventory: Coins $ - 166 gold pieces Weapons X - 2 uncursed +0 daggers a - the uncursed rustproof +0 Magicbane (weapon in right hand) d - an uncursed +2 bullwhip Armor c - an uncursed +0 fedora L - an uncursed +0 oilskin cloak (being worn) H - an uncursed +0 elven mithril-coat b - an uncursed +0 leather jacket (being worn) Comestibles m - 2 cursed chesesticks o - 8 cursed food rations q - a cursed tripe ration l - an uncursed lichen corpse Rings n - an uncursed ring of cold resistance h - a cursed ring of hunger Wands M - an uncursed wand of secret door detection (0:10) F - a cursed wand of sleep (0:4) E - an uncursed wand of striking (0:7) Z - an uncursed wand of teleportation (0:3) Tools w - an uncursed sack containing 30 items i - an uncursed oil lamp (lit) e - an uncursed +0 pick-axe I - a cursed tin whistle t - an uncursed tinning kit (0:80) x - an uncursed towel Gems/Stones k - an uncursed opal g - an uncursed touchstone Contents of the sack: 2187 gold pieces a cursed scroll of amnesia 2 cursed scrolls of blank paper an uncursed scroll of earth an uncursed scroll of enchant armor 2 cursed scrolls of enchant armor a blessed scroll of enchant weapon a blessed scroll of food detection a cursed scroll of food detection a blessed scroll of identify 2 cursed scrolls of identify an uncursed scroll of scare monster an uncursed scroll of teleportation a cursed potion of booze an uncursed potion of confusion an uncursed potion of fruit juice a cursed potion of fruit juice an uncursed potion of gain ability a cursed potion of gain ability an uncursed potion of gain energy 2 cursed potions of hallucination an uncursed potion of invisibility a cursed potion of invisibility an uncursed potion of levitation an uncursed potion of object detection a cursed potion of restore ability a blessed potion of see invisible a cursed potion of sleeping a cursed potion of speed a potion of unholy water Elenmirie the Archeologist's attributes: Background: You were an Investigator, a level 6 female gnomish Archeologist. You were neutral, on a mission for Camaxtli who was opposed by Quetzalcoatl (lawful) and Huhetotl (chaotic). You were right-handed. You were in the Gnomish Mines, on level 6. You entered the dungeon 6397 turns ago. There was a new moon in effect when your adventure ended. You had 515 experience points, 125 more were needed to attain level 7. Basics: You had 0 out of 48 hit points. You had all 37 energy points (spell power). Your armor class was 8. Your wallet contained 166 zorkmids, and you had 2187 more stashed away in your pack. Autopickup was on for '$' plus thrown. Final Characteristics: Your strength was 16 (limit:18/50). Your dexterity was 7 (limit:18). Your constitution was 15 (limit:18). Your intelligence was 14 (limit:19). Your wisdom was 17 (limit:18). Your charisma was 11 (limit:18). Final Status: You weren't hungry. You were burdened; movement was slightly slowed. You were wielding a dagger. You had basic skill with dagger. Final Attributes: You were piously aligned. You were magic-protected. You were telepathic. You had automatic searching. You had infravision. You were stealthy. You were guarded. You are dead. Miscellaneous: You encountered 2 bones levels. Total elapsed playing time was 31 minutes and 26 seconds. Major events: Turn 1: elenmirie the neutral female gnomish Archeologist entered the dungeon 873: attained the rank of Field Worker (level 3) 1893: entered the Gnomish Mines 5528: was bestowed with Magicbane by Camaxtli 5650: attained the rank of Investigator (level 6) 5846: destroyed Encolpius' ghost, the former Pillager 6171: destroyed Encolpius' ghost, the former Pillager 6397: poisoned by an orcish arrow Vanquished creatures: 2 ghosts 6 Uruk-hai a rock piercer a shrieker a violet fungus 3 elf zombies a giant ant a little dog a floating eye a kitten 2 homunculi 4 hill orcs a rothe a giant bat a monkey 3 orc zombies 2 dwarf zombies 2 werejackals 4 iguanas an acid blob 5 coyotes 3 hobbits 9 manes 2 hobgoblins 3 giant rats 6 cave spiders a yellow mold a gnome a gnome zombie 5 geckos 23 jackals a fox 4 kobolds 4 goblins 3 grid bugs 2 bats 15 lichens a kobold zombie 10 newts 138 creatures vanquished. No species were genocided or became extinct. Voluntary challenges: You read items or engraved 2 times. You never engraved Elbereth. You never genocided any monsters. You never polymorphed an object. You never changed form. You used no wishes. Achievements: You attained the rank of Field Worker. You entered a shop. You entered the Gnomish Mines. You attained the rank of Investigator. The Dungeons of Doom: levels 1 to 6 Level 1: Level 2: A fountain, a sink. Level 3: Many altars. Stairs down to The Gnomish Mines. Level 4: A fountain. Level 5: Level 6: An altar. The Gnomish Mines: levels 4 to 6 Level 4: A grave. Final resting place for Encolpius-Bar-Hum-Mal-Cha, killed by a gnome lord. Level 5: A grave. Final resting place for Encolpius-Bar-Hum-Mal-Cha, killed by an Uruk-hai, ChefGraham-Wiz-Elf-Mal-Cha, killed by a bolt of fire zapped by himself. Level 6: <- You were here. Final resting place for you, poisoned by an orcish arrow. Game over: ---------- / \ / REST \ / IN \ / PEACE \ / \ | elenmirie | | 2353 Au | | poisoned by an | | orcish arrow | | | | | | 2024 | *| * * * | * _________)/\\_//(\/(/\)/\//\/|_)_______ Goodbye elenmirie the Archeologist... You were poisoned in The Gnomish Mines on dungeon level 6 with 4448 points, and 2353 pieces of gold, after 6397 moves. You were level 6 with a maximum of 48 hit points when you were poisoned.